 Dungeon Crawl Stone Soup version 0.19.1-1-g22dce08 (webtiles) character file.

6337 galech the Fighter (level 10, -11/117 HPs)
             Began as an Ogre Fighter on Jan 19, 2017.
             Was a High Priest of Makhleb.
             Mangled by an orc warrior
             ... wielding a +0 dire flail
              (43 damage)
             ... on level 2 of the Orcish Mines.
             The game lasted 00:33:59 (10875 turns).

galech the Fighter (Ogre Fighter)                  Turns: 10875, Time: 00:34:01

Health: -11/117    AC:  8    Str: 26    XL:     10   Next: 96%
Magic:  10/10      EV: 15    Int:  7    God:    Makhleb [*****.]
Gold:   656        SH: 11    Dex:  9    Spells: 0 memorised, 9 levels left

rFire  . . .     SeeInvis .     R - +2 morningstar (crush)
rCold  . . .     Gourm    .     b - +0 robe
rNeg   . . .     Faith    .     M - +2 shield
rPois  .         Spirit   .     (helmet restricted)
rElec  .         Reflect  .     x - +0 cloak
rCorr  .         Harm     +     (gloves unavailable)
MR     +....                    (boots unavailable)
Stlth  +.........               l - amulet of harm
                                s - +4 ring of evasion
                                c - +4 ring of protection

@: no status effects
A: unfitting armour, tough skin 1
a: Minor Destruction, Lesser Servant of Makhleb, Major Destruction, Greater
Servant of Makhleb, Renounce Religion


You were on level 2 of the Orcish Mines.
You worshipped Makhleb.
Makhleb was extremely pleased with you.
You were hungry.

You visited 2 branches of the dungeon, and saw 12 of its levels.
You also visited: Ossuary.

You collected 656 gold pieces.

Inventory:

Hand Weapons
 a - a +0 flail
 F - a +0 dire flail
 J - a +1 mace of holy wrath
 R - a +2 morningstar of crushing (weapon)
 U - a +0 giant spiked club
Armour
 b - a +0 robe (worn)
 x - a +0 cloak (worn)
 M - a +2 shield (worn)
Jewellery
 c - a +4 ring of protection (left hand)
 k - a +6 ring of dexterity
 l - an amulet of harm (around neck)
 s - a +4 ring of evasion (right hand)
 v - an uncursed amulet of faith {unknown}
 G - an uncursed amulet of rage {unknown}
Wands
 O - a wand of acid (7/15)
Scrolls
 h - 4 scrolls of enchant armour
 m - a scroll of fog
 n - 7 scrolls of teleportation
 p - 2 scrolls of fear
 q - a scroll of amnesia
 t - 6 scrolls of remove curse
 y - 3 scrolls of random uselessness
 z - 2 scrolls of immolation
 C - a scroll of noise
 E - a scroll of holy word
 H - a scroll of blinking
 P - 2 scrolls of recharging {unknown}
Potions
 d - a potion of might
 e - 3 potions of flight {unknown}
 i - 3 potions of curing
 j - 2 potions of brilliance {unknown}
 o - 2 potions of berserk rage {unknown}
 r - 3 potions of mutation {unknown}
 w - 2 potions of lignification {unknown}
 B - 2 potions of magic {unknown}
 D - 3 potions of heal wounds {unknown}
 K - 2 potions of cure mutation {unknown}
 L - 2 potions of degeneration {unknown}
 S - a potion of agility {unknown}
 T - a potion of cancellation {unknown}
Books
 I - a book of Misfortune

   Spells                             Type                      Level
   a - Confusing Touch                Hexes                        1
   b - Confuse                        Hexes                        3
   c - Gell's Gravitas                Hexes/Translocation          3
   d - Petrify                        Transmutation/Earth          4
   e - Metabolic Englaciation         Hexes/Ice                    5
   f - Yara's Violent Unravelling     Hexes/Transmutation          5
Comestibles
 f - 3 bread rations
 g - 5 meat rations
 u - 11 royal jellies
 A - 4 slices of pizza
 N - 17 fruits
 Q - 4 chunks of flesh


   Skills:
 + Level 12.3 Fighting
 + Level 12.2 Maces & Flails
 + Level 9.2 Dodging
 - Level 2.6 Shields


You had 9 spell levels left.
You didn't know any spells.

Dungeon Overview and Level Annotations

Branches:
Dungeon (10/15)            Temple (0/1) D:6             Orc (2/2) D:9
    Elf (0/3) Orc:2
   Lair: D:8-11

Altars:
Cheibriados
Dithmenos
Fedhas
Gozag
Makhleb
Okawaru
Sif Muna
Trog
Vehumet
Yredelemnul

Annotations:
D:10 Harold
Orc:2 Urug


Innate Abilities, Weirdness & Mutations

You are too large for most types of armour.
You have tough skin. (AC +1)


Message History

The orc warrior misses you.
You closely miss the orc knight.
The orc knight is lightly wounded.
You block the orc warrior's attack.
The orc knight hits you with a long sword of protection!
Your shield prevents you from hitting the orc knight.
The orc knight is lightly wounded.
You block the orc warrior's attack.
The orc warrior hits you with a dire flail!
The orc knight hits you with a long sword of protection.
You hit the orc knight but do no damage.
The orc knight is lightly wounded.
The orc warrior misses you. The orc warrior closely misses you.
You hit the orc knight but do no damage.
The orc knight is lightly wounded.
You block the orc knight's attack.
The orc warrior hits you with a long sword!!
* * * LOW HITPOINT WARNING * * *
The orc warrior hits you with a dire flail!!!
You die...

###.......#####
##...o.........##
#...............####
###.....o..........#.##
##.......))............#
#........).##.........##
##.......)####.>.......#
#........o#.#........##
###.....[o@(..........#
#..#....o(...........#
###.............#...##
#.............######
##............#
###.........##
#.......#### ##.###.##
####.##


You could see an orc knight and 2 orc warriors.

Vanquished Creatures
  An orc sorcerer (Orc:1)
  The ghost of Uberchile the Cudgeler, a novice DgAs (D:4)
  A troll (D:9)
  Grinder (D:3)
  A hornet (D:8)
  A hippogriff (D:7)
  Eustachio (D:4)
  Menkaure (D:7)
  2 soldier ants (D:8)
  10 orc warriors
  An ice beast (D:7)
  2 sky beasts
  An ogre (Orc:1)
  7 centaurs
  2 elf zombies (Ossuary)
  A big kobold (D:4)
  5 bullfrogs
  3 killer bees (D:7)
  An electric eel (D:7)
  6 crimson imps
  A human zombie (Ossuary)
  4 jellies
  16 orc wizards
  11 orc priests
  A hound (D:4)
  A centaur skeleton (D:8)
  2 iguanas
  3 worker ants
  3 big kobold zombies (Ossuary)
  2 mummies (Ossuary)
  A worker ant zombie (D:5)
  Robin (D:3)
  11 adders
  4 shadow imps
  An ooze (D:4)
  2 adder zombies
  2 worms
  4 dart slugs
  2 leopard geckos
  95 orcs
  3 giant cockroaches
  12 goblins
  13 hobgoblins
  6 jackals
  2 quokkas
  A ball python (D:5)
  7 bats
  3 frilled lizards
  2 goblin zombies (Ossuary)
  9 hobgoblin zombies (Ossuary)
  2 jackal zombies (Ossuary)
  8 kobolds
  10 kobold zombies (Ossuary)
  6 orc zombies (Ossuary)
  2 quokka skeletons (D:4)
  A quokka zombie (D:5)
  5 rats
308 creatures vanquished.

Notes
Turn   | Place    | Note
-------+----------+-------------------------------------------
     0 | D:1      | galech the Ogre Fighter began the quest for the Orb.
     0 | D:1      | Reached XP level 1. HP: 24/24 MP: 1/1
   234 | D:1      | Reached XP level 2. HP: 26/33 MP: 2/2
   626 | D:1      | Reached XP level 3. HP: 18/40 MP: 3/3
   888 | D:2      | Found a shadowy altar of Dithmenos.
   934 | D:2      | Reached XP level 4. HP: 43/49 MP: 4/4
  1016 | D:2      | Reached skill level 5 in Fighting
  1233 | D:2      | Found a bloodstained altar of Trog.
  1233 | D:2      | Found a faded altar of an unknown god.
  1248 | D:2      | Found an opulent altar of Gozag.
  1250 | D:2      | Found a radiant altar of Vehumet.
  1252 | D:2      | Found a faded altar of an unknown god.
  1426 | D:3      | Noticed a centaur
  1482 | D:3      | Killed a centaur
  1482 | D:3      | Reached XP level 5. HP: 57/57 MP: 5/5
  1541 | D:3      | Noticed Robin
  1806 | D:3      | Killed Robin
  1893 | D:3      | Reached XP level 6. HP: 63/67 MP: 6/6
  1985 | D:3      | Reached skill level 5 in Maces & Flails
  1988 | D:3      | Noticed Grinder
  1998 | D:3      | Killed Grinder
  1998 | D:3      | Reached XP level 7. HP: 51/76 MP: 7/7
  2162 | D:3      | HP: 2/76 [orc/mace (12)]
  2825 | D:3      | Found an iron altar of Okawaru.
  2825 | D:3      | Found a burning altar of Makhleb.
  2837 | D:3      | Found a basalt altar of Yredelemnul.
  2837 | D:3      | Found a blossoming altar of Fedhas.
  2844 | D:3      | Became a worshipper of Makhleb the Destroyer
  3000 | D:4      | Noticed Eustachio
  3017 | D:4      | Killed Eustachio
  3017 | D:4      | Reached skill level 5 in Dodging
  3326 | D:4      | Found a deep blue altar of Sif Muna.
  3326 | D:4      | Found a snail-covered altar of Cheibriados.
  3383 | D:4      | Noticed Uberchile's ghost (novice DgAs)
  3399 | D:4      | Killed Uberchile's ghost
  3399 | D:4      | Reached XP level 8. HP: 54/88 MP: 8/8
  3635 | D:5      | Entered Level 5 of the Dungeon
  4976 | D:6      | Reached * piety under Makhleb
  5095 | D:6      | Reached XP level 9. HP: 82/98 MP: 9/9
  5238 | D:6      | Found a staircase to the Ecumenical Temple.
  5764 | D:7      | Noticed Menkaure
  5771 | D:7      | Killed Menkaure
  5837 | D:7      | Found a sand-covered staircase.
  5842 | Ossuary  | Entered an ossuary
  5925 | Ossuary  | Reached ** piety under Makhleb
  6062 | Ossuary  | Reached skill level 10 in Fighting
  6674 | D:7      | Reached *** piety under Makhleb
  6706 | D:7      | Reached skill level 10 in Maces & Flails
  7300 | D:8      | Reached XP level 10. HP: 111/111 MP: 10/10
  7308 | D:8      | Paralysed by a hornet for 1 turns
  8043 | D:9      | Reached **** piety under Makhleb
  8261 | D:9      | Found a staircase to the Orcish Mines.
  9137 | D:10     | Entered Level 10 of the Dungeon
  9137 | D:10     | Noticed Harold
  9281 | Orc:1    | Entered Level 1 of the Orcish Mines
  9290 | Orc:1    | Noticed an orc sorcerer
  9463 | D:9      | HP: 1/115 [orc warrior/trident (12)]
  9925 | Orc:1    | Noticed a sun demon
 10131 | Orc:1    | Killed an orc sorcerer
 10131 | Orc:1    | Reached ***** piety under Makhleb
 10526 | Orc:2    | Entered Level 2 of the Orcish Mines
 10628 | Orc:2    | Found a staircase to the Elven Halls.
 10814 | Orc:2    | Noticed an orc knight
 10815 | Orc:2    | Noticed Urug
 10875 | Orc:2    | Mangled by an orc warrior

Skill      XL: |  1  2  3  4  5  6  7  8  9 10 |
---------------+-------------------------------+-----
Maces & Flails | 3 4 5 7 8 10 12 | 12.2
Dodging        | 3 4 5 6 7 9 |  9.2
Fighting       | 5 6 8 9 10 12 | 12.3
Shields        | |  2.6

Action                   |  1- 3 |  4- 6 |  7- 9 | 10-12 || total
-------------------------+-------+-------+-------+-------++-------
Melee: Flail             |    72 |   125 |   502 |   135 ||   834
       Morningstar       |       |       |       |   156 ||   156
  Use: Scroll            |       |       |    13 |     3 ||    16
       Potion            |       |       |     1 |       ||     1
 Stab: Sleeping          |     2 |       |     2 |       ||     4
       Distracted        |       |       |     1 |       ||     1
  Eat: Chunk             |       |     4 |    13 |    10 ||    27
       Bread ration      |       |       |     1 |       ||     1
       Fruit             |       |       |       |     1 ||     1
Armor: Robe              |    19 |    23 |    65 |    39 ||   146
Dodge: Dodged            |    22 |    84 |   340 |   184 ||   630
Block: Shield            |    42 |    79 |   312 |   173 ||   606
